 Dungeon Crawl Stone Soup version 0.26.1-11-gd32895ea62 (webtiles) character file.

Game seed: 5737522732596219674

10688 infcreate the Covert (level 11, -1/66 HPs)
             Began as a Vampire Enchanter on May 18, 2021.
             Was a Priest of Dithmenos.
             Slain by a death yak (13 damage)
             ... on level 8 of the Dungeon.
             The game lasted 00:39:05 (14097 turns).

infcreate the Covert (Vampire Enchanter)           Turns: 14097, Time: 00:39:05

Health: -1/66      AC:  8    Str:  7    XL:     11   Next: 39%
Magic:  14/21      EV: 19    Int: 17    God:    Dithmenos [***...]
Gold:   697        SH:  0    Dex: 19    Spells: 6/24 levels left

rFire    . . .     SeeInvis +   m - +3 dagger (speed)
rCold    + + .     Faith    .   (no shield)
rNeg     + + +     Spirit   .   b - +2 robe
rPois    ∞         Reflect  .   e - +2 helmet
rElec    .         Harm     .   x - +0 cloak
rCorr    +         Rampage  .   (no gloves)
Will     +....                  (no boots) Stlth *+++++++++
                                (no amulet)
HPRegen  0.00/turn              R - ring of resist corrosion
MPRegen  0.17/turn              Q - ring of stealth

@: confusing touch, bloodless, wreathed by umbra
A: fangs 3, see invisible, unbreathing
a: Bat Form, Revivify, Renounce Religion, Shadow Step


You were on level 8 of the Dungeon.
You worshipped Dithmenos.
Dithmenos was most pleased with you.
You visited 2 branches of the dungeon, and saw 11 of its levels.
You also visited: Sewer.

You collected 697 gold pieces.


Innate Abilities, Weirdness & Mutations

You do not regenerate when monsters are visible.
You are frail without blood (-20% HP).
You can heal yourself when you bite living creatures.
You are immune to poison.
You have razor-sharp teeth.
You have supernaturally acute eyesight. (SInv)
You can survive without breathing.


   Skills:
 + Level 6.6 Fighting
 + Level 8.3 Short Blades
 + Level 8.4 Dodging
 + Level 11.9 Stealth
 + Level 7.1 Spellcasting
 + Level 11.3 Hexes


You had 6 spell levels left.
You knew the following spells:

 Your Spells              Type           Power        Failure   Level
c - Corona                Hex            48%          1%          1
d - Tukima's Dance        Hex            44%          1%          3
e - Ensorcelled Hibernat  Hex/Ice        50%          1%          2
f - Dazzling Flash        Conj/Hex       50%          3%          3
i - Invisibility          Hex            44%          17%         6
t - Confusing Touch       Hex            44%          1%          3

Your spell library contained the following spells:

 Spells                   Type           Power        Failure   Level
 Sting                    Tmut/Pois      24%          12%         1
 Passwall                 Tmut/Erth      5%           17%         2
 Poisonous Vapours        Pois/Air       12%          17%         2
 Swiftness                Air            6%           17%         2
 Ignite Poison            Fire/Tmut/Pois 6%           34%         3
 Mephitic Cloud           Conj/Pois/Air  6%           34%         3
 Olgreb's Toxic Radiance  Pois           6%           75%         4
 Passage of Golubria      Tloc           N/A          75%         4
 Lee's Rapid Deconstruct  Erth           3%           97%         5

Inventory:

Hand Weapons
 m - a +3 dagger of speed (weapon)
Missiles
 p - 3 throwing nets {=f}
Armour
 b - a +2 robe (worn)
 e - a +2 helmet (worn)
 x - a +0 cloak (worn)
 y - a +1 robe of cold resistance
Jewellery
 h - a cursed -4 ring of slaying {unknown}
 A - an uncursed amulet of magic regeneration
 C - an uncursed ring of ice
 Q - a ring of stealth (right hand)
 R - a ring of resist corrosion (left hand)
Wands
 a - a wand of polymorph (8)
 q - a wand of digging (5)
 s - a wand of iceblast (23)
 w - a wand of acid (10)
Scrolls
 d - 3 scrolls of fog
 f - 4 scrolls of amnesia
 i - 7 scrolls of teleportation {@r4}
 l - 7 scrolls of identify {@r1}
 t - 4 scrolls of remove curse {@r2}
 u - a scroll of magic mapping
 v - a scroll of blinking
 D - a scroll of acquirement {unknown}
Potions
 c - 4 potions of mutation {unknown}
 g - a potion of degeneration {unknown}
 j - 2 potions of curing {@q1}
 k - 4 potions of attraction
 n - 4 potions of flight
 o - 5 potions of might
 r - 3 potions of brilliance {unknown}
 z - a potion of cancellation {unknown}
 B - a potion of heal wounds {unknown}

Dungeon Overview and Level Annotations

Branches:
Dungeon (10/15)            Temple (1/1) D:5            Lair (0/6) D:8
  Sewer (visited)
    Orc: D:9-12

Altars:
Ashenzari
Cheibriados
Dithmenos
Elyvilon
Fedhas
Gozag
Hepliaklqana
Makhleb
Nemelex Xobeh
Okawaru
Qazlal
Ru
Trog
Uskayaw
Vehumet
Wu Jian
Xom
Zin
The Shining One

Shops:
D:7

(
#.........##..[.#######
#..)#####...###..Y..###
###.....###.#######...#
#####.........#####..
#######.#.....##.
########.....#....
##.....######.####.
##.......## #..####
#..@Y.....# ##..###
#......Y..######..##
#.........##........
#............#####..
#..........### ###
##........## #
#.......[.# #
#.........# #
#.........## ###


You could see 2 death yaks.


Message History

Confirm with . or Enter, or press ? or * to list all spells.
You can't see any susceptible monsters within range! (Use Z to cast anyway.)
Casting: Ensorcelled Hibernation (safe; 1% risk of failure)
Confirm with . or Enter, or press ? or * to list all spells.
The death yak stops glowing.
Things that are here:
a +0 ring mail; a +0 short sword The death yak snorts and paws the ground.
The death yak snorts and paws the ground.
Casting: Dazzling Flash (dangerous; 3% risk of failure)
Confirm with . or Enter, or press ? or * to list all spells.
The death yak closely misses you.
Casting: Dazzling Flash (dangerous; 3% risk of failure)
Confirm with . or Enter, or press ? or * to list all spells.
Your hands begin to glow red.
The death yak completely misses you.
You hit the death yak but do no damage.
You bite the death yak, but do no damage.
The death yak gores you!!
You hit the death yak but do no damage. You hit the death yak but do no damage.
You barely miss the death yak. The death yak gores you!!
* * * LOW HITPOINT WARNING * * *
You hit the death yak but do no damage. You hit the death yak but do no damage.
The death yak gores you!
* * * LOW HITPOINT WARNING * * *
You hit the death yak but do no damage. You hit the death yak but do no damage.
There is a stone staircase leading up here.
The death yak gores you!
You die...

Skill      XL: |  1  2  3  4  5  6  7  8  9 10 11 |
---------------+----------------------------------+-----
Fighting       | 1 2 3 4 5 6 |  6.6
Short Blades   | 2 3 4 5 6 7 8 |  8.3
Stealth        | 5 6 7 8 10 11 | 11.9
Hexes          | 5 6 7 8 9 10 11 | 11.3
Dodging        | 3 4 5 6 8 |  8.4
Spellcasting   | 3 4 5 6 7 |  7.1

Action                   |  1- 3 |  4- 6 |  7- 9 | 10-12 || total
-------------------------+-------+-------+-------+-------++-------
Melee: Dagger            |    93 |   225 |   229 |   247 ||   794
       Bite              |     6 |    14 |    23 |    44 ||    87
 Cast: Corona            |    15 |     2 |     4 |     4 ||    25
       Ensorcelled Hiber |    23 |    62 |    69 |    53 ||   207
       Confusing Touch   |     3 |     8 |    19 |    20 ||    50
       Tukima's Dance    |       |     2 |     8 |       ||    10
       Dazzling Flash    |       |       |       |     5 ||     5
 Abil: Exsanguinate      |     1 |       |       |       ||     1
  Use: Scroll            |     2 |     7 |    10 |       ||    19
 Stab: Sleeping          |    26 |    55 |    64 |    34 ||   179
       Confused          |     1 |     6 |    18 |    22 ||    47
       Invisible         |       |       |       |     4 ||     4
Armor: Robe              |    15 |    10 |    12 |    15 ||    52
Dodge: Dodged            |    50 |    82 |   105 |    81 ||   318

Levels and vault maps discovered:
D:1:      ebering_trefoil_twist, layout_basic, serial_forest,
          infiniplex_forest_lined_1, infiniplex_forest_corner_2,
          infiniplex_forest_lined_corner, infiniplex_forest_lined_2
D:2:      layout_rooms, general_overflow_altar
D:3:      layout_loops_cross, cheibrodos_sewer_entry_drain, uniq_ijyb
D:4:      layout_cave_pools
D:5:      layout_rooms, temple_hall
D:6:      layout_loops_ring, lightli_orcish_oven
D:7:      layout_layer_cave, serial_shops, nicolae_shop_window_shopping,
          kennysheep_generic_room_13
D:8:      layout_rooms, dpeg_lair_monsters, minmay_tree_intersection
D:9:      layout_basic, bloody_trog, uniq_harold, uniq_maurice
D:10:     layout_gridville, kennysheep_generic_room_12, uniq_fannar, uniq_urug
Temple:   nicolae_temple_the_god_donut

Notes
Turn   | Place    | Note
-------+----------+-------------------------------------------
     0 | D:1      | infcreate the Vampire Enchanter began the quest for the
                  | Orb.
     0 | D:1      | Reached XP level 1. HP: 13/13 MP: 3/3
   561 | D:1      | Reached XP level 2. HP: 15/15 MP: 5/5
   564 | D:1      | Learned a level 2 spell: Ensorcelled Hibernation
   903 | D:1      | Reached XP level 3. HP: 20/20 MP: 1/6
  1326 | D:1      | Learned a level 3 spell: Confusing Touch
  1472 | D:2      | Reached skill level 1 in Fighting
  1947 | D:2      | Reached skill level 2 in Short Blades
  1967 | D:2      | Found an ornate altar of the Wu Jian Council.
  2094 | D:2      | Reached skill level 5 in Stealth
  2094 | D:2      | Reached skill level 5 in Hexes
  2108 | D:2      | Reached XP level 4. HP: 15/25 MP: 1/7
  2892 | D:2      | Reached skill level 3 in Dodging
  3001 | D:3      | Reached XP level 5. HP: 29/29 MP: 9/9
  3008 | D:3      | Learned a level 3 spell: Tukima's Dance
  3181 | D:3      | Noticed Ijyb
  3282 | D:3      | Found a glowing drain.
  3400 | Sewer    | Entered a sewer
  4000 | Sewer    | Reached skill level 3 in Short Blades
  4000 | Sewer    | Reached skill level 3 in Spellcasting
  4000 | Sewer    | Reached XP level 6. HP: 34/35 MP: 8/10
  4322 | D:3      | Killed Ijyb
  4784 | D:3      | Reached skill level 2 in Fighting
  5256 | D:2      | Reached skill level 6 in Stealth
  5495 | D:4      | Reached skill level 6 in Hexes
  5616 | D:4      | Reached XP level 7. HP: 40/40 MP: 10/12
  5992 | D:5      | Entered Level 5 of the Dungeon
  6042 | D:5      | Learned a level 3 spell: Dazzling Flash
  6070 | D:5      | Reached skill level 4 in Dodging
  6079 | D:5      | Found a staircase to the Ecumenical Temple.
  6090 | Temple   | Entered the Ecumenical Temple
  6132 | Temple   | Became a worshipper of Dithmenos the Shadowed
  6679 | D:6      | Reached skill level 4 in Short Blades
  6958 | D:6      | Reached skill level 7 in Stealth
  7389 | D:6      | Reached skill level 3 in Fighting
  7474 | D:6      | HP: 4/41 [centaur/arrow (4)]
  7491 | D:6      | Reached skill level 4 in Spellcasting
  7491 | D:6      | Reached skill level 7 in Hexes
  7491 | D:6      | Reached XP level 8. HP: 13/46 MP: 10/14
  8043 | D:6      | Reached * piety under Dithmenos
  8588 | D:7      | Reached skill level 5 in Dodging
  8967 | D:7      | Reached skill level 5 in Short Blades
  8967 | D:7      | Reached skill level 8 in Stealth
  8973 | D:7      | Found Maziw's Weapon Boutique.
  9715 | D:7      | Reached skill level 8 in Hexes
  9917 | D:8      | Reached skill level 4 in Fighting
  9978 | D:8      | Reached XP level 9. HP: 52/52 MP: 7/16
 10146 | D:8      | Noticed an unseen horror
 10149 | D:8      | Killed an unseen horror
 10150 | D:8      | Reached skill level 6 in Dodging
 10150 | D:8      | Reached skill level 9 in Stealth
 10150 | D:8      | Reached skill level 5 in Spellcasting
 10177 | D:8      | Noticed a death yak
 10266 | D:8      | Noticed a two-headed ogre
 10286 | D:8      | Killed a two-headed ogre
 10287 | D:8      | Reached skill level 6 in Short Blades
 10287 | D:8      | Reached skill level 9 in Hexes
 10428 | D:8      | Noticed a death yak
 10432 | D:8      | Found a staircase to the Lair.
 10432 | D:8      | Noticed a death yak
 10432 | D:8      | Noticed a death yak
 10432 | D:8      | Noticed a death yak
 10514 | D:8      | Reached skill level 5 in Fighting
 10622 | D:8      | Reached ** piety under Dithmenos
 10643 | D:8      | Noticed a death yak
 10876 | D:9      | Noticed Harold
 10880 | D:9      | Killed Harold
 10881 | D:9      | Reached skill level 10 in Stealth
 10881 | D:9      | Reached XP level 10. HP: 59/59 MP: 18/18
 10891 | D:9      | Reached skill level 7 in Dodging
 11083 | D:9      | Reached skill level 6 in Spellcasting
 11399 | D:9      | Reached skill level 7 in Short Blades
 11506 | D:9      | Noticed Maurice
 11512 | D:9      | Killed Maurice
 11513 | D:9      | Reached skill level 10 in Hexes
 11951 | D:9      | Found a bloodstained altar of Trog.
 12111 | D:10     | Entered Level 10 of the Dungeon
 12411 | D:10     | Reached *** piety under Dithmenos
 12539 | D:10     | Reached skill level 11 in Stealth
 12584 | D:10     | Noticed Urug
 12828 | D:10     | Killed Urug
 12829 | D:10     | Reached skill level 6 in Fighting
 12977 | D:10     | Noticed Fannar
 13003 | D:10     | Killed Fannar
 13004 | D:10     | Reached skill level 8 in Dodging
 13004 | D:10     | Reached XP level 11. HP: 64/64 MP: 17/21
 13594 | D:8      | Killed a death yak
 13595 | D:8      | Reached skill level 8 in Short Blades
 13595 | D:8      | Reached skill level 11 in Hexes
 13602 | D:8      | Learned a level 6 spell: Invisibility
 13696 | D:8      | Killed a death yak
 13697 | D:8      | Reached skill level 7 in Spellcasting
 13884 | D:8      | Killed a death yak
 14017 | D:8      | Killed a death yak
 14097 | D:8      | Slain by a death yak

Vanquished Creatures
  Fannar (D:10)
  Harold (D:9)
  4 death yaks (D:8)
  Urug (D:10)
  An unseen horror (D:8)
  Maurice (D:9)
  A centaur skeleton (D:10)
  A troll (D:10)
  A wraith (D:10)
  A water moccasin (D:9)
  4 orc warriors
  3 ice beasts
  6 sky beasts
  A necrophage (D:9)
  3 phantoms
  3 ogres
  2 centaurs
  5 bullfrogs
  5 scorpions
  4 howler monkeys
  4 wights
  4 centaur zombies
  A bullfrog zombie (D:9)
  5 hounds
  A quasit (D:7)
  4 orc priests
  2 bullfrog skeletons (D:9)
  Ijyb (D:3)
  13 worker ants
  2 iguanas
  An orc wizard (D:9)
  A merfolk siren (Sewer)
  A merfolk avatar (Sewer)
  A hound skeleton (D:4)
  A worker ant zombie (D:6)
  A howler monkey zombie (D:5)
  A howler monkey skeleton (D:8)
  11 adders
  10 gnolls
  2 shadow imps (D:6)
  2 ufetubi
  3 oozes
  An adder zombie (D:9)
  An adder skeleton (D:9)
  7 worms
  4 dart slugs (D:1)
  10 leopard geckos
  33 orcs
  5 bats
  7 giant cockroaches
  7 hobgoblins
  12 jackals
  4 quokkas
  4 ball pythons
  12 frilled lizards
  A giant cockroach zombie (D:6)
  11 goblins
  A jackal zombie (D:5)
  7 kobolds
  3 leopard gecko zombies
  30 rats
281 creatures vanquished.

Vanquished Creatures (collateral kills)
  A two-headed ogre (D:8)
  An ogre (D:6)
  An adder (D:6)
3 creatures vanquished.

Vanquished Creatures (others)
  A dancing weapon (D:7)
1 creature vanquished.

Grand Total: 285 creatures vanquished

Table legend: (Time is in decaauts)
 A = Elapsed time spent in this place.
 B = Non-inter-level travel time spent in this place.
 C = Inter-level travel time spent in this place.
 D = Time resting spent in this place.
 E = Time spent auto-exploring this place.
 F = Levels seen in this place.
 G = Mean time per level.
                   A        B        C        D        E       F      G
               +--------+--------+--------+--------+--------+-----+--------+
         Total |  13812 |  13343 |    469 |   1458 |   8651 |  12 | 1151.0 |
       Dungeon |  12972 |  12533 |    439 |   1432 |   8190 |  10 | 1297.2 |
        Temple |     73 |     43 |     30 |      0 |     38 |   1 |   73.0 |
         Sewer |    766 |    766 |      0 |     26 |    423 |   1 |  766.0 |
               +--------+--------+--------+--------+--------+-----+--------+

Top non-repeatable levels by time:
     D:1: 1693 daAuts
     D:7: 1614 daAuts
     D:6: 1589 daAuts
     D:2: 1580 daAuts
     D:9: 1407 daAuts
    D:10: 1340 daAuts
     D:3: 1333 daAuts
     D:8: 1279 daAuts
   Sewer: 766 daAuts
     D:4: 587 daAuts
     D:5: 546 daAuts
  Temple: 73 daAuts

Table legend:
 A = Non-vault XP
 B = Vault XP
 C = Vault XP percentage of total XP
 D = Non-vault monster count
 E = Vault monster count
 F = Vault count percentage of total count
                 A         B        C        D         E       F
            +---------+---------+-------+---------+---------+-------
      Total |    8252 |    7017 |  46.0 |     222 |      62 |  21.8
            +---------+---------+-------+---------+---------+-------
        D:1 |      56 |       0 |   0.0 |      30 |       0 |   0.0
        D:2 |     163 |       0 |   0.0 |      30 |       0 |   0.0
        D:3 |     147 |      41 |  21.8 |      22 |       4 |  15.4
        D:4 |     243 |       0 |   0.0 |       9 |       0 |   0.0
        D:5 |     162 |       0 |   0.0 |       8 |       0 |   0.0
        D:6 |     896 |      15 |   1.6 |      32 |       5 |  13.5
        D:7 |     667 |      47 |   6.6 |      14 |       2 |  12.5
        D:8 |    2517 |    3212 |  56.1 |      23 |       4 |  14.8
        D:9 |    1696 |    1474 |  46.5 |      37 |       2 |   5.1
       D:10 |    1705 |    2093 |  55.1 |      17 |       4 |  19.0
      Sewer |       0 |     135 | 100.0 |       0 |      41 | 100.0
            +---------+---------+-------+---------+---------+-------
